 Dungeon Crawl Stone Soup version 0.29.1-15-g9cfb28693d (webtiles) character file.

Game seed: 8538410243617023236

176 ThatPearl the Chopper (level 5, 0/48 HPs)
             Began as a Hill Orc Monk on Mar 25, 2023.
             Slain by a jelly (3 damage)
             ... on level 5 of the Dungeon.
             The game lasted 00:06:05 (4173 turns).

ThatPearl the Chopper (Hill Orc Monk)               Turns: 4173, Time: 00:06:06

Health: 0/48       AC: -9    Str: 16    XL:     5   Next: 56%
Magic:  5/5        EV: 15    Int: 10    God:
Gold:   74         SH:  0    Dex: 13    Spells: 4/4 levels left

rFire   . . .      SeeInvis .   t - +0 trident
rCold   . . .      Faith    .   (no shield)
rNeg    . . .      Spirit   .   f - +0 ring mail
rPois   .          Reflect  .   (no helmet)
rElec   .          Harm     .   l - +0 cloak
rCorr   .          Rampage  .   (no gloves)
Will    .....                   (no boots)
Stlth   +.........              B - amulet of magic regeneration
HPRegen 0.16/turn               p - +4 ring of evasion
MPRegen 0.49/turn               A - +4 ring of protection

@: weak-willed, corroded
A: no striking features
a: no special abilities


You were on level 5 of the Dungeon.
You visited 1 branch of the dungeon, and saw 5 of its levels.

You collected 199 gold pieces.
You spent 125 gold pieces at shops.

Inventory:

Hand Weapons
 a - a +0 hand axe
 t - a +0 trident (weapon)
 y - a +0 sling
Missiles
 b - 34 stones (quivered)
 z - 2 poisoned darts
Armour
 f - a +0 ring mail (worn)
 l - a +0 cloak (worn)
Jewellery
 p - a +4 ring of evasion (left hand)
 A - a +4 ring of protection (right hand)
 B - an amulet of magic regeneration (around neck)
Wands
 r - a wand of acid (10)
Scrolls
 d - a scroll of enchant armour {unknown}
 g - a scroll of noise
 h - 3 scrolls of identify {unknown}
 i - 2 scrolls of magic mapping
 j - a scroll of blinking {unknown}
 m - a scroll of butterflies
 n - 2 scrolls of immolation {unknown}
 u - a scroll of enchant weapon {unknown}
 w - a scroll of poison {unknown}
Potions
 c - a potion of ambrosia
 k - 3 potions of curing {unknown}
 o - a potion of cancellation {unknown}
 q - 2 potions of heal wounds
 s - 2 potions of flight {unknown}
 v - a potion of might {unknown}
 x - a potion of haste {unknown}


   Skills:
 + Level 5.3 Fighting
 * Level 6.3 Axes
 + Level 1.7 Armour
 - Level 2.4 Dodging
 - Level 1.5 Stealth


You had 4 spell levels left.
You didn't know any spells.
Your spell library contained the following spells:

 Spells                   Type           Power      Damage    Failure   Level
 Ensorcelled Hibernation  Hex/Ice        0%         N/A       71%         2
 Call Canine Familiar     Summ           0%         N/A       91%         3
 Gell's Gravitas          Tloc           0%         N/A       91%         3
 Lesser Beckoning         Tloc           0%         N/A       91%         3
 Portal Projectile        Hex/Tloc       0%         N/A       91%         3
 Spider Form              Tmut/Pois      0%         N/A       91%         3
 Teleport Other           Tloc           0%         N/A       91%         3
 Anguish                  Hex/Necr       0%         N/A       100%        4
 Leda's Liquefaction      Hex/Erth       0%         N/A       100%        4


Dungeon Overview and Level Annotations

Branches:
Dungeon (5/15)
 Temple: D:4-7

Altars:

Shops:
D:2 *

Annotations:
D:4 2 transporters, Coron's ghost, novice MeFi


Message History

The jelly hits you.
* * * LOW HITPOINT WARNING * * *
You are splashed with acid.
* * * LOW HITPOINT WARNING * * *
Aiming: Corrosive Bolt
Press: ? - help, Shift-Dir - straight line, f - you
Okay, then.
Unknown command.
Press: ? - help, v - describe, . - travel, g - get item
Here: a jelly (heavily wounded)
Items here: )) [[.
The floor.
You feel much better. The jelly misses you. The jelly attacks as you move away!
The jelly barely misses you.
There is an open door here.
The jelly attacks as you move away! The jelly completely misses you.
The jelly attacks as you move away! The jelly hits you.
You are splashed with acid!
There is an open door here.
The jelly hits you.
You are splashed with acid!
The jelly attacks as you move away! The jelly misses you.
The jelly jiggles.
The jelly attacks as you move away! The jelly hits you. The acid corrodes you!
You are splashed with acid!
* * * LOW HITPOINT WARNING * * *
As you read the scroll labelled TUKAOD XAFEITZ, it crumbles to dust.
You hear a loud clanging noise!
It was a scroll of noise.
You hear a shout! x6
The jelly misses you.
As you read the scroll labelled BASCHI TEIBI, it crumbles to dust.
Magic quickly surges around you.
It was a scroll of vulnerability.
The jelly hits you.
* * * LOW HITPOINT WARNING * * *
You are splashed with acid!
* * * LOW HITPOINT WARNING * * *
As you read the scroll labelled POTUTA WILA, it crumbles to dust.
You hear the tinkle of a tiny bell.
It was a scroll of butterflies.
The jelly hits you.
You die...

.<...# ++# #....#
...# ##....# ...#
+.....##...#
#....[....#
###+####.........##
#....b.b.b.<...>...
#..................
..
#....bb@.b..##...##
.... #.....Jbbb..#
##+# #..
###...##.b..#
.##..######...##....#
.........#....##..###
.........#....#####
...[.....#........#
.........#........+
.........'....##..#


You could see a jelly (weak-willed, ally target).

Vanquished Creatures
  A hound (D:4)
  An iguana (D:3)
  4 adders
  3 dart slugs
  5 orcs
  7 endoplasms
  6 giant cockroaches
  7 goblins
  3 hobgoblins
  8 jackals (D:4)
  7 ball pythons
  3 bats
  4 frilled lizards
  8 kobolds
  5 rats
72 creatures vanquished.

Vanquished Creatures (others)
  2 plants (D:4)
2 creatures vanquished.

Grand Total: 74 creatures vanquished

Notes
Turn   | Place    | Note
-------+----------+-------------------------------------------
     0 | D:1      | ThatPearl the Hill Orc Monk began the quest for the Orb.
     0 | D:1      | Reached XP level 1. HP: 19/19 MP: 1/1
   331 | D:1      | Reached XP level 2. HP: 19/27 MP: 2/2
   979 | D:1      | Found a faded altar of an unknown god.
   983 | D:1      | Reached XP level 3. HP: 32/34 MP: 3/3
  1582 | D:2      | Reached skill level 5 in Axes
  1733 | D:2      | Found Kidoi's General Store.
  2356 | D:2      | Bought a scroll of magic mapping for 75 gold pieces
  2356 | D:2      | Bought a potion of heal wounds for 50 gold pieces
  2502 | D:3      | Reached XP level 4. HP: 41/41 MP: 4/4
  2767 | D:3      | Reached skill level 5 in Fighting
  3422 | D:4      | Reached skill level 1 in Armour
  3637 | D:4      | Found a transporter.
  3665 | D:4      | Reached XP level 5. HP: 48/48 MP: 5/5
  3711 | D:4      | Reached skill level 6 in Axes
  3814 | D:4      | Noticed Coron's ghost (novice MeFi)
  3836 | D:4      | Found a transporter.
  4099 | D:5      | Entered Level 5 of the Dungeon
  4173 | D:5      | Slain by a jelly

Illustrated notes

Levels and vault maps discovered:
D:1:      scummos_arrival_star, layout_basic,
          shapermc_ecumenical_altar_totnotflames
D:2:      layout_loops_ring, serial_shops, nicolae_shop_statue_plus,
          chequers_serial_rivers_micro_e, grunt_decor_resistance
D:3:      layout_loops_ring
D:4:      layout_loops_cross, serial_bayou, serial_bayou_crossing,
          serial_bayou_shore_a, serial_bayou_shore_b, serial_bayou_pond_a,
          gammafunk_ghost_mausoleum
D:5:      layout_gridville, serial_bayou_ford_a, kennysheep_generic_room_6

Skill      XL: |  1  2  3  4  5 |
---------------+----------------+-----
Fighting       | 4 5 |  5.3
Axes           | 5 6 |  6.3
Armour         | 1 |  1.7
Dodging        | |  2.4
Stealth        | |  1.5

Action                   |  1- 3 |  4- 6 || total
-------------------------+-------+-------++-------
Melee: Hand axe          |   135 |    42 ||   177
       Punch             |     2 |     2 ||     4
       Trident           |       |   100 ||   100
  Use: Scroll            |       |     3 ||     3
       Potion            |       |     1 ||     1
 Stab: Sleeping          |       |     1 ||     1
Armor: Robe              |     2 |       ||     2
       Ring mail         |    39 |    43 ||    82
Dodge: Dodged            |    82 |   115 ||   197
